 Dungeon Crawl Stone Soup version 0.18-a0-1057-g88203af (webtiles) character file.

58 Kristof the Conjurer (level 3, 0/19 HPs)
             Began as a Deep Elf Conjurer on Jan 12, 2016.
             Slain by Sigmund
             ... wielding a +0 scythe
              (11 damage)
             ... on level 2 of the Dungeon.
             The game lasted 00:06:24 (1638 turns).

Kristof the Conjurer (Deep Elf Conjurer)            Turns: 1638, Time: 00:06:24

Health: 0/19       AC:  4    Str:  6    XL:     3   Next: 75%
Magic:  0/9        EV: 13    Int: 19    God:
Gold:   74         SH:  0    Dex: 15    Spells: 1 memorised, 7 levels left

rFire  . . .     SeeInvis .     j - +1 whip (drain)
rCold  . . .     Gourm    .     a - +1 robe
rNeg   . . .     Faith    .     (no shield)
rPois  .         Spirit   .     (no helmet)
rElec  .         Dismiss  .     (no cloak)
rCorr  .         Reflect  .     (no gloves)
SustAt .         Harm     .     k - +0 pair of boots
MR     .....                    (no amulet)
Stlth  ++........               (no ring)
                                (no ring)

@: not resistant to hostile enchantments, unstealthy
A: no striking features
a: no special abilities


You were on level 2 of the Dungeon.
You were not hungry.

You visited 1 branch of the dungeon, and saw 2 of its levels.

You collected 74 gold pieces.

Inventory:

Hand Weapons
 e - a +0 dagger
 j - a +1 whip of draining (weapon)
Armour
 a - a +1 robe (worn)
 k - a +0 pair of boots (worn)
Scrolls
 f - 2 scrolls of magic mapping
 m - a scroll of blinking
Potions
 h - a potion of might
 n - a potion of heal wounds {unknown}
Books
 b - a book of Conjurations

   Spells                             Type                      Level
   a - Magic Dart                     Conjuration                  1
   b - Searing Ray                    Conjuration                  2
   c - Dazzling Spray                 Conjuration/Hexes            3
   d - Fulminant Prism                Conjuration/Hexes            4
   e - Iskenderun's Mystic Blast      Conjuration                  4
   f - Iskenderun's Battlesphere      Conjuration/Charms           5
Comestibles
 c - a bread ration
 d - 2 chunks of flesh
 g - a meat ration
 i - 3 fruits
 l - a beef jerky


   Skills:
 - Level 2.4 Dodging
 - Level 2.4 Stealth
 - Level 3.0 Spellcasting
 + Level 6.0 Conjurations


You had 7 spell levels left.
You knew the following spells:

 Your Spells              Type           Power        Failure   Level  Hunger
a - Magic Dart            Conj           ####         1%          1    None


Dungeon Overview and Level Annotations

Branches:
Dungeon (2/15)

Altars:
Qazlal

Annotations:
D:2 Sigmund


Message History

The magic dart hits Sigmund.
Sigmund is severely wounded.
Sigmund casts a spell at you. The puff of flame hits you!
You hit Sigmund but do no damage. You drain Sigmund!
Sigmund is severely wounded.
Sigmund closely misses you.
You hit Sigmund but do no damage.
Sigmund is severely wounded.
Sigmund hits you but does no damage.
You hit Sigmund but do no damage. You drain Sigmund!
Sigmund is severely wounded.
You hit Sigmund.
Sigmund is almost dead.
Sigmund misses you.
You closely miss Sigmund.
Sigmund is almost dead.
Sigmund hits you with a scythe!
Ouch! That really hurt!
You die...

#### #.. #.#
#.#
#########.#
#......<...
#.###.#####
...####### #.#
#.# ......@@.#
#.# #.#
...#####.# #.#
#.#
#.#####.###.#
#...........##
#######......#
######.#
####.####
#.......#
#.......#


You could see Sigmund.

Vanquished Creatures
  2 adders (D:2)
  A worm (D:2)
  A giant gecko (D:1)
  2 giant cockroaches (D:1)
  9 goblins
  4 hobgoblins (D:1)
  3 jackals (D:1)
  A quokka (D:2)
  A ball python (D:1)
  4 bats (D:1)
  4 kobolds
  2 rats
34 creatures vanquished.

Vanquished Creatures (others)
  4 toadstools (D:1)
4 creatures vanquished.

Grand Total: 38 creatures vanquished

Notes
Turn   | Place    | Note
--------------------------------------------------------------
     0 | D:1      | Kristof the Deep Elf Conjurer began the quest for the Orb.
     0 | D:1      | Reached XP level 1. HP: 10/10 MP: 6/6
   311 | D:1      | Reached XP level 2. HP: 15/15 MP: 5/8
   341 | D:1      | Reached skill level 5 in Conjurations
  1096 | D:1      | Reached XP level 3. HP: 19/19 MP: 5/9
  1336 | D:2      | Found a stormy altar of Qazlal.
  1462 | D:2      | Reached skill level 6 in Conjurations
  1618 | D:2      | Noticed Sigmund
  1638 | D:2      | Slain by Sigmund

Vault maps used:
D:1:      ldierk_walled_garden_2, serial_corexii_hall, corexii_hall_statues_x,
          corexii_hall_statues_i, roderic_hopi_sauvastika
D:2:      nicolae_qazlal_eye_of_the_storm, uniq_crazy_yiuf_cottage, uniq_sigmund

Action                   || total
-------------------------++-------
Melee: Whip              ||     6
 Cast: Magic Dart        ||    81
  Use: Scroll            ||     8
  Eat: Chunk             ||     2
